 Dungeon Crawl Stone Soup version 0.31.0-1-g2c135a008e (webtiles) character file.

Game seed: 82196405173938623

288 qw the Shooter (level 6, 0/46 HPs)
             Began as a Djinni Hunter on Jan 24, 2024.
             Slain by Duvessa
             ... wielding a +0 rapier
              (12 damage)
             ... on level 4 of the Dungeon.
             The game lasted 00:00:11 (2272 turns).

qw the Shooter (Djinni Hunter)                      Turns: 2272, Time: 00:00:11

Health: 0/46       AC:  5    Str: 12      XL:     6   Next: 57%
Gold:   170        EV: 12    Int: 10      God:
                   SH:  0    Dex: 17 (19)

rFire   + + +        a - +0 shortbow
rCold   x . .        (shield currently unavailable)
rNeg    . . .        g - +1 leather armour of Sikug {Str+2}
rPois   inf          (helmet restricted)
rElec   .            (no cloak)
rCorr   .            f - +0 pair of gloves
SInv    .            (boots unavailable)
Will    +....        (no amulet)
Stlth   ++           d - ring of protection from fire
HPRegen 0.27/turn    (no ring)
MPRegen 0.00/turn

%: infuse magic (-1 HP)
@: flying
A: sickness immunity, fire resistance 2, cold vulnerability 1, float, innate
caster, HP casting, extra vitality 1, claws 1, horns 1, strong-willed 1
a: no special abilities


You were on level 4 of the Dungeon.
You visited 1 branch of the dungeon, and saw 4 of its levels.

You collected 170 gold pieces.


Innate Abilities, Weirdness & Mutations

You are immune to sickness and miasma.
You are immune to poison.
Your flesh is very heat resistant. (rF++)
You are vulnerable to cold. (rC-)
You float through the air rather than walking.
You learn spells naturally, not from books.
Your magical power is your life essence.
You have superior vitality. (+4 MHP)
You have sharp fingernails.
You have a pair of small horns on your head.
You are strong-willed. (Will+)


   Skills:
 + Level 3.2 Fighting
 - Level 5.2 Ranged Weapons
 - Level 1.7 Armour
 - Level 3.0 Dodging
 - Level 0.7 Stealth


You knew the following spells:

 Your Spells              Type           Power      Damage    Failure   Level
a - Foxfire               Conj/Fire      0%         2x1d4     43%         1
b - Call Imp              Summ           0%         N/A       58%         2
Your spell library was empty.

Inventory:

Hand Weapons
 a - a +0 shortbow (weapon)
Armour
 f - a +0 pair of gloves (worn)
 g - the +1 leather armour of Sikug (worn) {Str+2}
   (You found it on level 3 of the Dungeon)

   Str+2:     It affects your strength (+2).
Jewellery
 d - a ring of protection from fire (left hand)
Wands
 c - a wand of flame (9) (quivered)
Scrolls
 b - 2 scrolls of identify {unknown}
 j - a scroll of teleportation
Potions
 e - a potion of enlightenment
 h - a potion of heal wounds
 i - a potion of magic {unknown}
 m - a potion of lignification {unknown}

Dungeon Overview and Level Annotations

Branches:
Dungeon (4/15)
 Temple: D:4-7

Altars:
Ashenzari
Zin

Annotations:
D:4 Duvessa


Message History

The orc hits you with a +0 flail.
You shoot an arrow. The arrow hits the orc.
The orc is severely wounded.
The orc hits you but does no damage. The orc barely misses you.
Duvessa rages.
You shoot an arrow. The arrow barely misses the orc.
The arrow closely misses Duvessa.
The arrow hits the orc but does no damage.
The orc is lightly wounded.
The orc hits you with a +0 flail.
You shoot an arrow.
The arrow hits the orc but does no damage.
The orc is severely wounded.
The orc hits you with a +0 flail.
You shoot an arrow. The arrow hits the orc.
The orc is almost dead.
Duvessa rages.
The orc hits you with a +0 flail.
You shoot an arrow. The arrow hits the orc!
You kill the orc!
Duvessa hits you with a +0 rapier!
2270 ||| ZAPPING wand of flame (12) at 0,-1 (Duvessa; floor).
Aiming: Throw Flame
Press: ? - help, Q - select action, (/) - cycle Shift-Dir - straight line, f - Duvessa The puff of flame hits Duvessa!
Duvessa is lightly wounded.
Duvessa misses you.
2271 ||| ZAPPING wand of flame (11) at 0,-1 (Duvessa; floor).
Aiming: Throw Flame
Press: ? - help, Q - select action, (/) - cycle Shift-Dir - straight line, f/p - Duvessa The puff of flame hits Duvessa.
Duvessa is lightly wounded.
Duvessa hits you with a +0 rapier! Duvessa closely misses you.
2272 ||| ZAPPING wand of flame (10) at 0,-1 (Duvessa; floor).
Aiming: Throw Flame
Press: ? - help, Q - select action, (/) - cycle Shift-Dir - straight line, f/p - Duvessa The puff of flame hits Duvessa.
Duvessa is moderately wounded.
Duvessa hits you with a +0 rapier!
You die...

###########.##.###........
######.##............
#....#.#...##########
#....#.#.).# #....#)....#
#....###.### #....# #o#
#....# #e# #....# #@##
#....# #..# #....# ##.#
#..%.####'#####
#.............#
######..........#
#...............#
#######.###........^..#
......#...............#


You could see Duvessa (berserk) and an orc.

Vanquished Creatures
  An ogre (D:4)
  Dowan (D:4)
  A bombardier beetle (D:4)
  Jessica (D:2)
  2 adders
  2 ribbon worms
  A dart slug (D:1)
  7 orcs
  6 endoplasms
  2 giant cockroaches (D:2)
  2 goblins
  3 hobgoblins
  8 jackals
  7 kobolds
  3 quokkas
  A ball python (D:4)
  7 bats
  2 frilled lizards
  5 rats
62 creatures vanquished.

Notes
Turn   | Place    | Note
-------+----------+-------------------------------------------
     0 | D:1      | qw the Djinni Hunter began the quest for the Orb.
     0 | D:1      | Reached XP level 1. HP: 18/18 MP: 0/0
     0 | D:1      | 0 ||| qw: Version: 0.3-a-136-gdd3b4e8
     0 | D:1      | 0 ||| qw: Game counter: 1287
     0 | D:1      | 0 ||| qw: Melee chars always use a shield: true
     0 | D:1      | 0 ||| qw: God list: Okawaru
     0 | D:1      | 0 ||| qw: Allow faded altars: false
     0 | D:1      | 0 ||| qw: Do Orc after clearing Dungeon:15 true
     0 | D:1      | 0 ||| qw: Do second Lair branch before Depths: true
     0 | D:1      | 0 ||| qw: Lair rune preference: random
     0 | D:1      | 0 ||| qw: Goals: Normal
     0 | D:1      | 0 ||| PLANNING D:1-11
    90 | D:1      | Reached XP level 2. HP: 23/23 MP: 0/0
   145 | D:1      | Found a faded altar of an unknown god.
   210 | D:1      | Reached skill level 4 in Ranged Weapons
   210 | D:1      | Reached XP level 3. HP: 28/28 MP: 0/0
   210 | D:1      | Learned a level 1 spell: Foxfire
   396 | D:1      | 396 ||| UPGRADING to +0 pair of gloves.
   401 | D:1      | 401 ||| READING scroll labelled MASOEN ZOCEI.
   406 | D:1      | 406 ||| READING scroll labelled APIMNA WOTAOCS.
   407 | D:1      | 407 ||| READING scroll labelled OTOVVIETHI.
   408 | D:1      | 408 ||| DROPPING scroll of butterflies.
   462 | D:2      | Noticed Jessica
   464 | D:2      | Killed Jessica
   465 | D:2      | Reached skill level 3 in Fighting
   465 | D:2      | Reached XP level 4. HP: 35/35 MP: 0/0
   709 | D:2      | Found a glowing silver altar of Zin.
  1023 | D:2      | 1023 ||| UPGRADING to ring of protection from fire.
  1024 | D:2      | 1024 ||| READING scroll labelled SIDWUAL QUCIA.
  1125 | D:2      | 1125 ||| DRINKING 2 bubbling dark potions.
  1126 | D:2      | 1126 ||| DRINKING 2 pink potions.
  1127 | D:2      | 1127 ||| DRINKING 2 puce potions.
  1128 | D:2      | 1128 ||| DROPPING potion of degeneration.
  1129 | D:2      | 1129 ||| DROPPING potion of attraction.
  1180 | D:3      | Identified the +1 leather armour of Sikug {Str+2}
  1319 | D:3      | Reached skill level 3 in Dodging
  1469 | D:3      | Found a broken altar of Ashenzari.
  1943 | D:3      | 1943 ||| UPGRADING to +1 leather armour of Sikug {Str+2}.
  1953 | D:3      | 1953 ||| DROPPING +0 leather armour.
  1954 | D:3      | 1954 ||| READING 2 scrolls labelled ZIVOCLUZIU.
  1955 | D:3      | 1955 ||| READING 2 scrolls labelled SYARPH SEJAKAIR.
  1956 | D:3      | 1956 ||| DRINKING 2 bubbling green potions.
  1956 | D:3      | Gained mutation: You have a pair of small horns on your
                  | head. [potion of mutation]
  1956 | D:3      | Gained mutation: You occasionally lose the ability to read
                  | scrolls when taking damage. [potion of mutation]
  1956 | D:3      | Gained mutation: You have sharp fingernails. [potion of
                  | mutation]
  1957 | D:3      | 1957 ||| DRINKING potion of mutation.
  1957 | D:3      | Lost mutation: You have sharp fingernails. [potion of
                  | mutation]
  1957 | D:3      | Lost mutation: You occasionally lose the ability to read
                  | scrolls when taking damage. [potion of mutation]
  1957 | D:3      | Gained mutation: You are strong-willed. (Will+) [potion of
                  | mutation]
  1957 | D:3      | Gained mutation: You have sharp fingernails. [potion of
                  | mutation]
  1958 | D:3      | 1958 ||| DRINKING 2 smoky green potions.
  1959 | D:3      | 1959 ||| DROPPING scroll of immolation.
  1960 | D:3      | 1960 ||| DROPPING scroll of fog.
  1969 | D:4      | Noticed an ogre
  1977 | D:4      | Killed an ogre
  1978 | D:4      | Reached XP level 5. HP: 40/40 MP: 0/0
  1978 | D:4      | Learned a level 2 spell: Call Imp
  2033 | D:4      | Reached XP level 6. HP: 46/46 MP: 0/0
  2059 | D:4      | Reached skill level 5 in Ranged Weapons
  2150 | D:4      | Noticed Dowan
  2153 | D:4      | 2153 ||| FLEEEEING.
  2155 | D:4      | 2155 ||| FLEEEEING.
  2156 | D:4      | 2156 ||| FLEEEEING.
  2159 | D:4      | 2159 ||| FLEEEEING.
  2161 | D:4      | 2161 ||| FLEEEEING.
  2162 | D:4      | 2162 ||| FLEEEEING.
  2166 | D:4      | 2166 ||| FLEEEEING.
  2167 | D:4      | 2167 ||| FLEEEEING.
  2178 | D:4      | 2178 ||| FLEEEEING.
  2179 | D:4      | 2179 ||| FLEEEEING.
  2180 | D:4      | 2180 ||| FLEEEEING.
  2181 | D:4      | 2181 ||| FLEEEEING.
  2182 | D:4      | 2182 ||| FLEEEEING.
  2183 | D:4      | 2183 ||| FLEEEEING.
  2184 | D:4      | 2184 ||| FLEEEEING.
  2189 | D:4      | 2189 ||| FLEEEEING.
  2190 | D:4      | 2190 ||| FLEEEEING.
  2199 | D:4      | Killed Dowan
  2200 | D:4      | Reached skill level 1 in Armour
  2239 | D:4      | Noticed Duvessa
  2241 | D:4      | 2241 ||| RETREEEEATING.
  2243 | D:4      | 2243 ||| RETREEEEATING.
  2244 | D:4      | 2244 ||| FLEEEEING.
  2245 | D:4      | 2245 ||| FLEEEEING.
  2246 | D:4      | 2246 ||| FLEEEEING.
  2247 | D:4      | 2247 ||| FLEEEEING.
  2248 | D:4      | 2248 ||| FLEEEEING.
  2249 | D:4      | 2249 ||| FLEEEEING.
  2250 | D:4      | 2250 ||| FLEEEEING.
  2251 | D:4      | 2251 ||| FLEEEEING.
  2252 | D:4      | 2252 ||| FLEEEEING.
  2253 | D:4      | 2253 ||| FLEEEEING.
  2254 | D:4      | 2254 ||| FLEEEEING.
  2255 | D:4      | 2255 ||| FLEEEEING.
  2256 | D:4      | 2256 ||| FLEEEEING.
  2257 | D:4      | 2257 ||| FLEEEEING.
  2258 | D:4      | 2258 ||| FLEEEEING.
  2259 | D:4      | 2259 ||| FLEEEEING.
  2260 | D:4      | 2260 ||| FLEEEEING.
  2261 | D:4      | 2261 ||| FLEEEEING.
  2262 | D:4      | 2262 ||| FLEEEEING.
  2263 | D:4      | 2263 ||| FLEEEEING.
  2264 | D:4      | 2264 ||| RETREEEEATING.
  2270 | D:4      | 2270 ||| ZAPPING wand of flame (12) at 0,-1 (Duvessa;
                  | floor).
  2271 | D:4      | 2271 ||| ZAPPING wand of flame (11) at 0,-1 (Duvessa;
                  | floor).
  2272 | D:4      | 2272 ||| ZAPPING wand of flame (10) at 0,-1 (Duvessa;
                  | floor).
  2272 | D:4      | Slain by Duvessa

Levels and vault maps discovered:
D:1:      reono_arrival_mine, layout_rooms, basic_ecumenical_altar
D:2:      layout_loops_cross, basic_altar, uniq_jessica
D:3:      layout_loops_ring, nicolae_ashenzari_panopticon
D:4:      layout_basic, minmay_temple_entry_proselytizer, uniq_duvessa

Skill      XL: |  1  2  3  4  5  6 |
---------------+-------------------+-----
Ranged Weapons | 4 5 |  5.2
Fighting       | 3 |  3.2
Dodging        | 3 |  3.0
Armour         | 1 |  1.7
Stealth        | |  0.7

Action                     |  1- 3 |  4- 6 || total
---------------------------+-------+-------++-------
   Fire: Shortbow          |    63 |   163 ||   226
  Evoke: Wand              |       |     3 ||     3
    Use: Scroll            |     3 |     3 ||     6
         Potion            |       |     6 ||     6
 Armour: Leather armour    |     7 |    49 ||    56
  Dodge: Dodged            |    11 |    52 ||    63

Table legend:
 A = Non-vault XP
 B = Vault XP
 C = Vault XP percentage of total XP
 D = Non-vault monster count
 E = Vault monster count
 F = Vault count percentage of total count
                 A         B        C        D         E       F
            +---------+---------+-------+---------+---------+-------
      Total |     308 |     104 |  25.2 |      60 |       2 |   3.2
            +---------+---------+-------+---------+---------+-------
        D:1 |      42 |       0 |   0.0 |      24 |       0 |   0.0
        D:2 |      32 |      37 |  53.6 |      11 |       1 |   8.3
        D:3 |      25 |       0 |   0.0 |      12 |       0 |   0.0
        D:4 |     209 |      67 |  24.3 |      13 |       1 |   7.1
            +---------+---------+-------+---------+---------+-------
